 Dungeon Crawl Stone Soup version 0.29.1-12-g30fa7ad0bf (webtiles) character file.

Game seed: 15242899829428076170

249450 devnull the Warrior (level 19, -8/177 HPs)
             Began as a Ghoul Gladiator on Dec 30, 2022.
             Was a High Priest of Okawaru.
             Mangled by Mennas
             ... wielding a +2 eudemon blade of holy wrath
              (13 damage)
             ... on level 1 of the Vaults.
             The game lasted 03:05:29 (58507 turns).

devnull the Warrior (Ghoul Gladiator)              Turns: 58507, Time: 03:05:31

Health: -8/177     AC: 40    Str: 26    XL:     19   Next: 60%
Magic:  32/37      EV: 12    Int:  3    God:    Okawaru [*****.]
Gold:   2266       SH: 14    Dex: 10    Spells: 18/18 levels left

rFire   + + .      SeeInvis .   b - +6 broad axe
rCold   + + .      Faith    .   x - +1 kite shield {AC+3}
rNeg    + + +      Spirit   .   k - +2 gold dragon scales
rPois   ∞          Reflect  .   e - +1 helmet "Vethidot" {Will+ MP+9}
rElec   .          Harm     .   F - +1 cloak
rCorr   .          Rampage  .   T - +2 pair of gloves
Will    +++++      Clarity  +   c - +1 pair of boots {Fly}
Stlth   ..........              n - amulet of the Four Winds {rN+ Will+++ Clar}
HPRegen 0.00/turn               J - +4 ring of evasion
MPRegen 0.25/turn               O - ring of protection from fire

@: heroic, finesse-ful, flying, inhibited regen, hasted, glowing, silenced, very
quick
A: claws 1, cold resistance 1, negative energy resistance 3, inhibited
regeneration, torment resistance 2, devour on kill
}: 2/15 runes: serpentine, barnacled
a: Renounce Religion


You were on level 1 of the Vaults.
You worshipped Okawaru.
Okawaru was extremely pleased with you.
You visited 8 branches of the dungeon, and saw 34 of its levels.
You also visited: Sewer, Bailey and Wizlab.

You collected 3517 gold pieces.
You spent 1251 gold pieces at shops.

Inventory:

Hand Weapons
 b - a +6 broad axe (weapon)
 v - a +0 antimagic battleaxe
 C - a +6 battleaxe of freezing
 H - the +6 executioner's axe of Checks and Balances {drain, Str+3}
   (You acquired it on level 9 of the Dungeon)

   A truly terrible weapon, it drains the life of any living foe it strikes.
   Str:       It affects your strength (+3).
 Z - a +4 battleaxe of flaming
Missiles
 d - 5 throwing nets
 j - 16 javelins {@f1}
 w - 6 curare-tipped darts
 A - 5 silver javelins
 I - 9 atropa-tipped darts
 Q - a silver boomerang (quivered)
 Y - 6 datura-tipped darts
Armour
 c - a +1 pair of boots of flying (worn)
 e - the +1 helmet "Vethidot" (worn) {Will+ MP+9}
   (Okawaru gifted it to you on level 12 of the Dungeon)

   MP:        It affects your magic capacity (+9).
   Will:      It increases your willpower.
 k - +2 gold dragon scales (worn)
 x - a +1 kite shield of protection (worn)
 F - a +1 cloak (worn)
 T - a +2 pair of gloves (worn)
 X - a +0 kite shield of reflection
Jewellery
 a - the ring "Qaatubb" {+Blink rC+ rN+ Str+4 Dex-5}
   (You found it on level 4 of the Shoals)

   [ring of positive energy]

   Str:       It affects your strength (+4).
   Dex:       It affects your dexterity (-5).
   rC:        It protects you from cold.
   rN:        It protects you from negative energy.
   +Blink:    It lets you blink.
 g - a +6 ring of intelligence
 i - a ring of willpower
 n - the amulet of the Four Winds (around neck) {rN+ Will+++ Clar}
   (You found it on level 4 of the Shoals)

   [amulet of nothing]

   rN:        It protects you from negative energy.
   Clar:      It protects you against confusion.
   Will:      It greatly increases your willpower.
 r - the ring "Poufu Quw" {rPois Will+ SInv}
   (You found it on level 1 of the Vaults)

   [ring of willpower]

   rPois:     It protects you from poison.
   SInv:      It lets you see invisible.
   Will:      It increases your willpower.
 B - a ring of fire
 J - a +4 ring of evasion (left hand)
 O - a ring of protection from fire (right hand)
 R - a ring of ice
 S - a ring of ice
Wands
 y - a wand of flame (25)
 D - a wand of polymorph (15)
 E - a wand of light (21)
 N - a wand of iceblast (38)
Scrolls
 h - 11 scrolls of fog
 l - 6 scrolls of teleportation
 m - 9 scrolls of poison
 o - a scroll of immolation
 p - 3 scrolls of torment
 K - 4 scrolls of fear
 M - 2 scrolls of magic mapping
 P - 3 scrolls of silence
 V - 5 scrolls of enchant weapon
Potions
 f - 6 potions of attraction
 q - 3 potions of cancellation
 s - 2 potions of ambrosia
 t - 4 potions of invisibility
 u - 7 potions of heal wounds
 z - 6 potions of brilliance
 G - 10 potions of haste
 L - 4 potions of curing
 U - a potion of might
 W - 2 potions of resistance


   Skills:
 - Level 17.0(22.0) Fighting
 + Level 15.5(20.5) Axes
 - Level 7.0(12.0) Throwing
 - Level 15.0(20.0) Armour
 - Level 2.6(7.6) Dodging
 - Level 13.0(18.0) Shields
 - Level 13.9 Invocations
 - Level 5.0 Evocations


You had 18 spell levels left.
You didn't know any spells.
Your spell library contained the following spells:

 Spells                   Type           Power      Damage    Failure   Level
 Shock                    Conj/Air       0%         1d3       100%        1
 Slow                     Hex            0%         N/A       100%        1
 Passwall                 Tmut/Erth      0%         N/A       100%        2
 Poisonous Vapours        Pois/Air       0%         N/A       100%        2
 Static Discharge         Conj/Air       0%         3-3/arc   100%        2
 Confusing Touch          Hex            0%         N/A       100%        3
 Dazzling Flash           Conj/Hex       0%         N/A       100%        3
 Frozen Ramparts          Ice            0%         1d1       100%        3
 Gell's Gravitas          Tloc           0%         N/A       100%        3
 Ignite Poison            Fire/Tmut/Pois 0%         N/A       100%        3
 Lesser Beckoning         Tloc           0%         N/A       100%        3
 Mephitic Cloud           Conj/Pois/Air  0%         N/A       100%        3
 Portal Projectile        Hex/Tloc       0%         N/A       100%        3
 Swiftness                Air            0%         N/A       100%        3
 Teleport Other           Tloc           0%         N/A       100%        3
 Vampiric Draining        Necr           0%         2d6       100%        3
 Airstrike                Air            0%         2d(0-16)  100%        4
 Corpse Rot               Necr/Pois/Air  0%         N/A       100%        4
 Dispel Undead            Necr           0%         3d6       100%        4
 Fulminant Prism          Conj/Hex       0%         3d6       100%        4
 Iskenderun's Mystic Bla  Conj/Tloc      0%         2d3       100%        4
 Leda's Liquefaction      Hex/Erth       0%         N/A       100%        4
 Petrify                  Tmut/Erth      0%         N/A       100%        4
 Sticky Flame             Conj/Fire      0%         2d3       100%        4
 Agony                    Necr           0%         N/A       100%        5
 Fireball                 Conj/Fire      0%         3d3       100%        5
 Freezing Cloud           Conj/Ice/Air   0%         6-21      100%        5
 Irradiate                Conj/Tmut      0%         3d11      100%        5
 Iskenderun's Battlesphe  Conj           0%         2d6       100%        5
 Lee's Rapid Deconstruct  Erth           0%         3d5*      100%        5
 Metabolic Englaciation   Hex/Ice        0%         N/A       100%        5
 Silence                  Hex/Air        0%         N/A       100%        5
 Eringya's Noxious Bog    Tmut/Pois      0%         N/A       100%        6
 Iron Shot                Conj/Erth      0%         9d1       100%        6
 Starburst                Conj/Fire      0%         6d3       100%        6
 Orb of Destruction       Conj           0%         9d5       100%        7
 Ignition                 Fire           0%         3d3       100%        8
 Lehudib's Crystal Spear  Conj/Erth      0%         10d2      100%        8
 Call Canine Familiar     Summ           Unusable   N/A       N/A         3
 Summon Guardian Golem    Hex/Summ       Unusable   N/A       N/A         3
 Tukima's Dance           Hex            Unusable   N/A       N/A         3
 Animate Armour           Summ/Erth      Unusable   N/A       N/A         4
 Ice Form                 Ice/Tmut       Unusable   N/A       N/A         4
 Summon Ice Beast         Ice/Summ       Unusable   N/A       N/A         4
 Blade Hands              Tmut           Unusable   N/A       N/A         5
 Statue Form              Tmut/Erth      Unusable   N/A       N/A         6
 Dragon Form              Tmut           Unusable   N/A       N/A         7
 Spellforged Servitor     Conj/Summ      Unusable   N/A       N/A         7
 Death's Door             Necr           Unusable   N/A       N/A         9

Dungeon Overview and Level Annotations

Branches:
Dungeon (15/15)            Temple (1/1) D:6            Lair (5/5) D:8
 Shoals (4/4) Lair:3        Snake (4/4) Lair:3        Slime (0/5) Lair:5
    Orc (2/2) D:11            Elf (1/3) Orc:2        Vaults (2/5) D:14
 Depths (0/4) D:15          Sewer (visited)          Bailey (visited)
 WizLab (visited)
  Crypt: Vaults:2-3

Altars:
Ashenzari
Cheibriados
Dithmenos
Fedhas
Gozag
Hepliaklqana
Kikubaaqudgha
Makhleb
Nemelex Xobeh
Okawaru
Qazlal
Ru
Sif Muna
Trog
Uskayaw
Vehumet
Wu Jian
Xom
Yredelemnul

Shops:
D:4 :   D:9 =   D:14 (   Orc:2 =(*[   Shoals:2 *   Snake:2 =   Vaults:1 (

Annotations:
D:10 exclusion: orange crystal statue
Vaults:1 Mennas
Vaults:5 !do not enter yet!


Innate Abilities, Weirdness & Mutations

You are immune to poison.
You have sharp fingernails.
Your flesh is cold resistant. (rC+)
You are immune to negative energy. (rN+++)
You do not regenerate when monsters are visible.
You are immune to unholy pain and torment.
You thrive by killing the living.


Message History

Okay, then.
Unknown command.
Okay, then.
Unknown command.
Magic scrolls do not work when you're silenced!
Magic scrolls do not work when you're silenced!
Magic scrolls do not work when you're silenced!
Magic scrolls do not work when you're silenced!
Magic scrolls do not work when you're silenced!
Magic scrolls do not work when you're silenced!
Okay, then.
Unknown command.
Okay, then.
Unknown command.
Unknown command.
Throw: boomerang (silver)
Press: ? - help, Q - select action, (/) - cycle Shift-Dir - straight line, f - Mennas
Aim: Mennas, wielding a +2 eudemon blade of holy wrath and wearing a +0 tower shield (silenced, radiating silence, haloed, 46% to hit)
Okay, then.
Throw: 7 throwing nets
Press: ? - help, Shift-Dir - straight line, f - Mennas
Aim: Mennas, wielding a +2 eudemon blade of holy wrath and wearing a +0 tower shield (silenced, radiating silence, haloed, 46% to hit)
Okay, then.
Unknown command.
Unknown command.
Throw: 7 throwing nets
Press: ? - help, Shift-Dir - straight line, f - Mennas
Aim: Mennas, wielding a +2 eudemon blade of holy wrath and wearing a +0 tower shield (silenced, radiating silence, haloed, 46% to hit)
You throw a throwing net.
The throwing net completely misses Mennas.
The centaur warrior hits you but does no damage.
The centaur warrior kicks you but does no damage.
Unknown command.
Throw: 6 throwing nets
Press: ? - help, Shift-Dir - straight line, f/p - Mennas
Aim: Mennas, wielding a +2 eudemon blade of holy wrath and wearing a +0 tower shield (silenced, radiating silence, haloed, 46% to hit)
You throw a throwing net.
Mennas blocks the throwing net.
You block Mennas's attack.
Mennas hits you with a +2 eudemon blade of holy wrath!
You die...

*,,,,,,,,,,,* *,,,,,,,* *
*,,,,,,,,,,,########,,,,,,,*
*
*,,,**,**,,,#(.....#,,,,,,,*
*
*****,,,****#......#,,,,,,,*
**
*,,,,,,,,,,,'......#.,,,,,,*
,*
*,,,,,,,,,,,#......'.,,,,,,*
**
*****,,,****#......#,,,,,,,*
*
*,,,**,**,,,#Ac....#,,,,,,,*
*
*,,,,,,,,,,,#@c...[#,,,,,,,*
*
*,,,,,,,,,,,########,,,,,,,*
*,,,,,,,,,,,* *,,,,,,,*
************* *********


You could see Mennas (silencing), a centaur warrior and a yaktaur.

Vanquished Creatures
  A royal mummy (Arena)
  Jorgrun (Shoals:2)
  2 quicksilver dragons (Snake:4)
  Polyphemus (Shoals:3)
  Roxanne (D:15)
  5 nagarajas
  The ghost of croobank the Carver, a journeyman DrSu of Gozag (Snake:2)
  2 vault wardens
  2 ironbound preservers (Vaults:1)
  The ghost of Vaaduc the Destroyer, a journeyman DrCj of Vehumet (Lair:5)
  Nessos (D:15)
  7 merfolk impalers
  A fire dragon (D:15)
  4 mummy priests
  A merfolk javelineer (Shoals:4)
  A great orb of eyes (Vaults:1)
  A yaktaur captain (Vaults:1)
  3 salamander tyrants
  4 catoblepae
  A boulder beetle (Lair:5)
  5 hydras
  Erolcha (D:10)
  An ice dragon (D:15)
  9 anacondas
  2 dancing weapons (D:14)
  5 merfolk avatars
  5 centaur warriors
  5 two-headed ogres
  8 merfolk aquamancers
  An alligator snapping turtle (Shoals:1)
  15 naga warriors
  2 death knights
  2 satyrs (Shoals:2)
  15 death yaks
  4 orc high priests
  9 naga sharpshooters
  8 shock serpents
  A storm dragon zombie (WizLab)
  Sonja (D:13)
  6 salamander mystics
  2 skeletal warriors
  A kraken simulacrum (Shoals:4)
  3 deep trolls (Vaults:1)
  15 sea snakes
  A golden dragon zombie (WizLab)
  3 naga ritualists
  A shadow dragon zombie (WizLab)
  2 phantasmal warriors (D:15)
  2 lindwurms
  4 harpies
  2 deep elf pyromancers
  7 orc knights
  11 ugly things
  A frost giant zombie (WizLab)
  An iron dragon zombie (WizLab)
  An oklob plant (Lair:3)
  13 fauns
  6 orc sorcerers
  2 fire giant zombies (WizLab)
  19 manticores
  28 salamanders
  10 mana vipers
  3 cyclopes
  12 merfolk sirens
  10 naga magi
  9 elephants (Lair:1)
  5 water nymphs
  34 black mambas
  14 guardian serpents
  2 cane toads
  3 efreet
  A gargoyle (D:13)
  6 yaktaurs
  2 freezing wraiths
  2 unseen horrors
  5 komodo dragons
  7 rime drakes
  A guardian mummy (WizLab)
  32 merfolk
  7 trolls
  A polar bear (Lair:5)
  17 slime creatures
  3 wind drakes (Shoals:4)
  15 blink frogs
  5 snapping turtles
  A deep troll zombie (WizLab)
  7 dream sheep
  A spriggan zombie (WizLab)
  A centaur simulacrum (D:15)
  14 water elementals
  A shadow (D:9)
  3 wraiths
  A spriggan (shapeshifter) (D:15)
  A vampire (D:10)
  3 wyverns
  2 fire bats (Lair:2)
  Grum (Lair:1)
  29 yaks
  4 basilisks
  8 vampire mosquitoes
  6 wargs
  2 death yak simulacra (Lair:5)
  37 nagas
  A tengu zombie (WizLab)
  13 water moccasins
  A hydra simulacrum (Lair:5)
  2 sky beasts
  20 orc warriors
  2 black bears
  2 ice beasts
  A floating eye zombie (WizLab)
  7 centaurs
  5 ogres
  28 wolves
  2 phantoms (D:4)
  A human zombie (WizLab)
  8 kobold brigands
  9 bullfrogs
  A scorpion (D:4)
  A cane toad simulacrum (Lair:5)
  2 necrophages (D:6)
  Dowan (D:4)
  6 wights (D:9)
  9 killer bees
  A dream sheep simulacrum (Lair:5)
  2 vampire bats (D:15)
  2 lava snakes (D:10)
  3 howler monkeys
  3 jellies
  A komodo dragon simulacrum (Lair:5)
  2 hounds
  12 orc priests
  Crazy Yiuf (D:4)
  Ijyb (D:4)
  24 orc wizards
  9 adders
  12 gnolls
  2 river rats (Sewer)
  2 shadow imps
  2 ufetubi
  3 worms
  4 dart slugs
  79 orcs
  3 bats (D:1)
  2 bat skeletons (D:15)
  4 bat zombies (D:15)
  10 endoplasms
  4 giant cockroaches
  14 goblins
  13 hobgoblins
  2 jackals (D:4)
  3 quokkas
  7 ball pythons
  2 frilled lizards
  11 kobolds
  5 rats
  A spectral goblin (D:6)
  2 bushes (Lair:3)
  A tentacle (Shoals:4)
970 creatures vanquished.

Vanquished Creatures (others)
  A merfolk aquamancer (Shoals:1)
  A naga sharpshooter (Snake:2)
  A naga mage (Snake:4)
  A naga (Snake:2)
  Duvessa (D:4)
  A butterfly (D:6)
  A fire vortex (Lair:2)
  12 fungi
  28 plants
  4 tentacles (Shoals:4)
51 creatures vanquished.

Grand Total: 1021 creatures vanquished

Notes
Turn   | Place    | Note
-------+----------+-------------------------------------------
     0 | D:1      | devnull the Ghoul Gladiator began the quest for the Orb.
     0 | D:1      | Reached XP level 1. HP: 17/17 MP: 0/0
   454 | D:1      | Reached XP level 2. HP: 24/24 MP: 1/1
   974 | D:2      | Reached XP level 3. HP: 21/29 MP: 2/2
  1214 | D:2      | Found a faded altar of an unknown god.
  1966 | D:3      | Reached XP level 4. HP: 35/36 MP: 3/3
  2051 | D:3      | Found a glowing drain.
  2241 | Sewer    | Entered a sewer
  2286 | Sewer    | Noticed a kobold brigand
  2303 | Sewer    | Killed a kobold brigand
  2304 | Sewer    | Reached skill level 5 in Axes
  2304 | Sewer    | Reached XP level 5. HP: 29/41 MP: 4/4
  2561 | Sewer    | Noticed a kobold brigand
  2574 | Sewer    | Killed a kobold brigand
  2575 | Sewer    | Reached XP level 6. HP: 46/48 MP: 5/5
  3040 | Sewer    | Reached XP level 7. HP: 37/55 MP: 6/6
  4528 | D:4      | Noticed Dowan
  4529 | D:4      | Noticed Duvessa
  4605 | D:4      | Noticed a +0 short sword
  4606 | D:4      | Noticed a +0 falchion
  4606 | D:4      | Noticed a +0 spear
  4606 | D:4      | Noticed a +0 dagger
  4606 | D:4      | Noticed a +0 short sword
  4607 | D:4      | Noticed a +0 spear
  4608 | D:4      | Noticed a +0 falchion
  4611 | D:4      | Noticed a +0 dagger
  4724 | D:4      | Found a hide-covered altar of Uskayaw.
  4997 | D:4      | Reached XP level 8. HP: 60/61 MP: 7/7
  5010 | D:4      | Found a basalt altar of Yredelemnul.
  5012 | D:4      | Noticed a profane servitor
  5024 | D:4      | Noticed an angel
  5377 | D:4      | Killed Dowan
  5849 | D:4      | Found Govycw's Book Boutique.
  5909 | D:4      | Reached skill level 3 in Fighting
  5965 | D:4      | Killed Duvessa
  6065 | D:4      | Found a runed translucent door.
  6066 | D:4      | Noticed Crazy Yiuf
  6140 | D:4      | Noticed Ijyb
  6148 | D:4      | Killed Ijyb
  6219 | D:4      | Killed Crazy Yiuf
  6273 | D:4      | Found a hide-covered altar of Uskayaw.
  6312 | D:4      | Found a basalt altar of Yredelemnul.
  6649 | D:4      | Found Govycw's Book Boutique.
  6843 | D:4      | Found Govycw's Book Boutique.
  6912 | D:4      | Found a hide-covered altar of Uskayaw.
  7402 | D:4      | Found a hide-covered altar of Uskayaw.
  7449 | D:4      | Found a basalt altar of Yredelemnul.
  7668 | D:4      | Found Govycw's Book Boutique.
  8000 | D:4      | Found a hide-covered altar of Uskayaw.
  8047 | D:4      | Found a basalt altar of Yredelemnul.
  8260 | D:4      | Found Govycw's Book Boutique.
  8537 | D:4      | Found a basalt altar of Yredelemnul.
  8720 | D:4      | Found a hide-covered altar of Uskayaw.
  8814 | D:4      | Found Govycw's Book Boutique.
  9136 | D:4      | Found a hide-covered altar of Uskayaw.
  9183 | D:4      | Found a basalt altar of Yredelemnul.
  9396 | D:4      | Found Govycw's Book Boutique.
  9707 | D:4      | Found a hide-covered altar of Uskayaw.
  9754 | D:4      | Found a basalt altar of Yredelemnul.
 10041 | D:4      | Found Govycw's Book Boutique.
 10230 | D:4      | Found a basalt altar of Yredelemnul.
 10382 | D:4      | Found a hide-covered altar of Uskayaw.
 10476 | D:4      | Found Govycw's Book Boutique.
 10842 | D:5      | Entered Level 5 of the Dungeon
 10870 | D:5      | Found an iron altar of Okawaru.
 11838 | D:5      | Found a shadowy altar of Dithmenos.
 11872 | D:5      | Found a blossoming altar of Fedhas.
 12352 | D:4      | Found a hide-covered altar of Uskayaw.
 12391 | D:4      | Found a basalt altar of Yredelemnul.
 12729 | D:4      | Found Govycw's Book Boutique.
 13221 | D:6      | Reached skill level 10 in Axes
 13294 | D:6      | Reached skill level 4 in Fighting
 13547 | D:6      | Reached skill level 5 in Fighting
 13547 | D:6      | Reached XP level 9. HP: 74/74 MP: 8/8
 13569 | D:6      | Found a staircase to the Ecumenical Temple.
 13576 | Temple   | Entered the Ecumenical Temple
 13739 | D:6      | Reached skill level 6 in Fighting
 13780 | D:5      | Became a worshipper of Warmaster Okawaru
 14120 | D:6      | Found a sacrificial altar of Ru.
 14362 | D:6      | Found a hazy altar of Hepliaklqana.
 14589 | D:7      | Reached skill level 7 in Fighting
 14709 | D:7      | Found a burning altar of Makhleb.
 15699 | D:8      | Found a staircase to the Lair.
 15721 | D:8      | Reached skill level 8 in Fighting
 16014 | D:8      | Reached * piety under Okawaru
 16384 | D:8      | Reached skill level 9 in Fighting
 16478 | D:8      | Noticed a two-headed ogre
 16486 | D:8      | Killed a two-headed ogre
 16486 | D:8      | Reached ** piety under Okawaru
 16487 | D:8      | Reached skill level 10 in Fighting
 16487 | D:8      | Reached XP level 10. HP: 26/93 MP: 9/9
 17528 | D:9      | Found a radiant altar of Vehumet.
 17580 | D:9      | Found Duisubaa's Jewellery Shop.
 17673 | D:9      | Found an ornate altar of the Wu Jian Council.
 17737 | D:9      | Reached *** piety under Okawaru
 18106 | D:9      | Reached skill level 5 in Throwing
 18790 | D:9      | Identified 2 scrolls of acquirement
 18794 | D:9      | Acquired a +1 battleaxe of freezing
 18797 | D:9      | Acquired the +6 executioner's axe of Checks and Balances
                  | {drain, Str+3}
 18935 | D:10     | Entered Level 10 of the Dungeon
 18938 | D:10     | Noticed Erolcha
 19041 | D:10     | Noticed an orange crystal statue
 19529 | D:10     | Found a flagged portal.
 19585 | Bailey   | Entered a bailey
 20064 | Bailey   | Noticed an orc knight
 20070 | Bailey   | Killed an orc knight
 20070 | Bailey   | Reached **** piety under Okawaru
 20493 | D:10     | Found a sparkling altar of Nemelex Xobeh.
 20505 | D:10     | Received a gift from Okawaru
 20675 | D:10     | Killed Erolcha
 20675 | D:10     | Received a gift from Okawaru
 20676 | D:10     | Reached XP level 11. HP: 99/99 MP: 10/10
 20715 | D:10     | Received a gift from Okawaru
 20735 | D:10     | Reached skill level 5 in Armour
 21102 | D:10     | Found a shimmering altar of Xom.
 21375 | D:10     | Noticed a two-headed ogre
 21379 | D:10     | Killed a two-headed ogre
 21379 | D:10     | Reached ***** piety under Okawaru
 21379 | D:10     | Received a gift from Okawaru
 21523 | D:10     | Noticed an angel
 21747 | D:11     | Found a staircase to the Orcish Mines.
 21794 | D:11     | Reached skill level 1 in Invocations
 22174 | D:11     | Noticed a cyclops
 22192 | D:11     | Killed a cyclops
 23013 | D:12     | Noticed a cyclops
 23032 | D:12     | Killed a cyclops
 23210 | D:12     | Received a gift from Okawaru
 23261 | D:12     | Noticed a two-headed ogre
 23266 | D:12     | Killed a two-headed ogre
 23267 | D:12     | Reached skill level 5 in Invocations
 23330 | D:12     | Identified the +1 helmet "Vethidot" {Will+ MP+9} (Okawaru
                  | gifted it to you on level 12 of the Dungeon)
 23330 | D:12     | Received a gift from Okawaru
 23716 | D:13     | Noticed a death knight
 23716 | D:13     | Noticed a skeletal warrior
 23725 | D:12     | Reached XP level 12. HP: 106/106 MP: 14/14
 24002 | Lair:1   | Entered Level 1 of the Lair of Beasts
 24151 | Lair:1   | Noticed Grum
 24164 | Lair:1   | Killed Grum
 24878 | Lair:1   | Noticed an eight-headed hydra
 24892 | Lair:1   | Killed a one-headed hydra
 25908 | Lair:2   | Identified the +1 pair of gloves "Ammath" {rN+ Regen+}
                  | (Okawaru gifted it to you on level 2 of the Lair of Beasts)
 25908 | Lair:2   | Received a gift from Okawaru
 25915 | Lair:2   | Reached XP level 13. HP: 106/113 MP: 18/18
 25922 | Lair:2   | Reached ****** piety under Okawaru
 26713 | Lair:3   | Reached skill level 10 in Armour
 26781 | Lair:3   | Found a staircase to the Shoals.
 27380 | Lair:3   | You fall into a shaft and drop 2 floors!
 27380 | Lair:5   | Entered Level 5 of the Lair of Beasts
 27912 | Lair:5   | Identified the +7 battleaxe "Xeripn" {elec, *Noise Fly
                  | rN+++} (Okawaru gifted it to you on level 5 of the Lair of
                  | Beasts)
 27912 | Lair:5   | Received a gift from Okawaru
 27938 | Lair:5   | Reached XP level 14. HP: 85/121 MP: 13/19
 28173 | Lair:5   | Found a hazy altar of Hepliaklqana.
 28593 | Lair:4   | Received a gift from Okawaru
 29028 | Lair:3   | Found a staircase to the Snake Pit.
 29744 | Lair:4   | Identified the +5 robe of Dasis {rN+ Dex+4}
 30472 | Lair:5   | Found a staircase to the Slime Pits.
 30645 | Lair:5   | Noticed Vaaduc's ghost (journeyman DrCj)
 30728 | Lair:5   | Found a runed translucent gate.
 30729 | Lair:5   | Found a runed translucent gate.
 30730 | Lair:5   | Found a runed translucent gate.
 31291 | Lair:5   | Killed Vaaduc's ghost
 31454 | Lair:5   | Reached skill level 11 in Fighting
 31636 | Orc:1    | Entered Level 1 of the Orcish Mines
 31811 | Orc:1    | Received a gift from Okawaru
 32337 | Orc:2    | Entered Level 2 of the Orcish Mines
 32397 | Orc:2    | Found a staircase to the Elven Halls.
 32495 | Orc:2    | Paralysed by an orc sorcerer for 3 turns
 32516 | Orc:2    | Found Ycepeju's Armour Shoppe.
 32522 | Orc:2    | Reached skill level 12 in Fighting
 32605 | Orc:2    | Reached skill level 13 in Fighting
 32940 | Orc:2    | Found Welam's Weapon Boutique.
 32946 | Orc:2    | Found Syesk's Antique Weapon Boutique.
 32948 | Orc:2    | Found Ymeatoot's Assorted Antiques.
 33180 | Orc:2    | Found Qapruz's Jewellery Boutique.
 33436 | Orc:2    | Bought a scroll of teleportation for 90 gold pieces
 33448 | Orc:2    | Bought a +1 pair of boots of flying for 165 gold pieces
 33540 | Orc:2    | Bought a +4 ring of evasion for 576 gold pieces
 33540 | Orc:2    | Bought a ring of willpower for 400 gold pieces
 33543 | Orc:2    | Reached skill level 15 in Armour
 33543 | Orc:2    | Reached XP level 15. HP: 136/136 MP: 20/20
 33623 | Orc:2    | Bought 4 datura-tipped darts for 20 gold pieces
 33651 | Elf:1    | Entered Level 1 of the Elven Halls
 33796 | D:13     | Noticed Sonja
 33804 | D:12     | Received a gift from Okawaru
 33904 | D:13     | Killed Sonja
 33929 | D:13     | Identified the +3 scale mail of Ruatrano {*Corrode Will++}
                  | (Okawaru gifted it to you on level 13 of the Dungeon)
 33929 | D:13     | Received a gift from Okawaru
 34274 | D:13     | Reached skill level 14 in Fighting
 34274 | D:13     | Reached XP level 16. HP: 127/146 MP: 21/21
 34277 | D:13     | Identified the +8 whip "Suuze" {freeze, rPois rC+ rCorr}
 34697 | D:14     | You are sucked into a shaft and drop 1 floor!
 34697 | D:15     | Entered Level 15 of the Dungeon
 34698 | D:15     | Found an ancient bone altar of Kikubaaqudgha.
 35360 | D:14     | Found Qer Texi's Weapon Emporium.
 35921 | D:14     | Found a gate to the Vaults.
 36172 | D:14     | Reached skill level 15 in Fighting
 36386 | D:14     | Found Qer Texi's Weapon Emporium.
 36407 | D:14     | Found a gate to the Vaults.
 36841 | D:15     | Noticed Nessos
 36854 | D:15     | Killed Nessos
 36991 | D:15     | Found an ornate altar of the Wu Jian Council.
 37154 | D:15     | Noticed Roxanne
 37259 | D:15     | Killed Roxanne
 37260 | D:15     | Reached skill level 16 in Fighting
 37775 | D:15     | Found a staircase to the Depths.
 38279 | Snake:1  | Entered Level 1 of the Snake Pit
 38692 | Snake:1  | Received a gift from Okawaru
 39976 | Snake:2  | Reached skill level 10 in Invocations
 40506 | Snake:2  | Identified the +1 pair of boots of a bailey {rN+ Regen+
                  | Int-2 Dex+2} (Okawaru gifted it to you on level 2 of the
                  | Snake Pit)
 40506 | Snake:2  | Received a gift from Okawaru
 40628 | Snake:2  | Reached XP level 17. HP: 126/158 MP: 24/25
 40710 | Snake:2  | Found Fyostr Femne's Jewellery Shoppe.
 41015 | Snake:2  | Identified the +8 flail of Okawaru {venom, rN+ rCorr}
 41362 | Snake:2  | Found a runed translucent gate.
 41362 | Snake:2  | Found a runed translucent gate.
 41362 | Snake:2  | Found a runed translucent gate.
 41362 | Snake:2  | Noticed croobank's ghost (journeyman DrSu)
 41764 | Snake:2  | Killed croobank's ghost
 41772 | Snake:2  | Got the Writings on Spellbinding Unhallowed Liturgies
 41906 | Snake:3  | Reached skill level 1 in Shields
 42489 | Snake:2  | Received a gift from Okawaru
 42597 | Snake:3  | Reached skill level 5 in Shields
 42793 | Snake:2  | Identified the +1 ring mail "Mian" {Str+7} (Okawaru gifted
                  | it to you on level 2 of the Snake Pit)
 42793 | Snake:2  | Received a gift from Okawaru
 43633 | Snake:3  | Got the Incunabulum of Transmuted Flames
 44248 | Snake:4  | Entered Level 4 of the Snake Pit
 46227 | Snake:4  | Noticed a quicksilver dragon
 46230 | Snake:4  | Noticed a quicksilver dragon
 46243 | Snake:4  | Killed a quicksilver dragon
 46244 | Snake:4  | Reached XP level 18. HP: 96/166 MP: 15/27
 46256 | Snake:4  | Killed a quicksilver dragon
 46570 | Snake:4  | Got a serpentine rune of Zot
 46602 | Snake:4  | Reached skill level 10 in Shields
 46934 | Snake:4  | Identified the +1 helmet of Impermeability {rPois rF+ rC++
                  | Will-} (Okawaru gifted it to you on level 4 of the Snake
                  | Pit)
 46934 | Snake:4  | Received a gift from Okawaru
 47247 | Snake:4  | Identified the +10 trident of Trog's Scorn {vorpal, SInv}
 47819 | Shoals:1 | Entered Level 1 of the Shoals
 49528 | Shoals:2 | Noticed Jorgrun
 49552 | Shoals:2 | Killed Jorgrun
 50073 | Shoals:2 | Found Yxkaaw's Gadget Gallery.
 50805 | Shoals:3 | Noticed Polyphemus
 51261 | Shoals:2 | Received a gift from Okawaru
 51372 | Shoals:3 | Killed Polyphemus
 51594 | Shoals:3 | Received a gift from Okawaru
 52804 | Shoals:4 | Entered Level 4 of the Shoals
 52804 | Shoals:4 | Found a bloodstained altar of Trog.
 52822 | Shoals:4 | Identified the +1 robe of the Devil's Advocate {rElec rF+
                  | Will+ Int-2} (Okawaru gifted it to you on level 4 of the
                  | Shoals)
 52822 | Shoals:4 | Received a gift from Okawaru
 53481 | Shoals:4 | Reached XP level 19. HP: 159/174 MP: 28/28
 53591 | Shoals:4 | Got the Verses on the Ground and Peregrination
 54185 | Shoals:4 | Reached skill level 17 in Fighting
 54193 | Shoals:4 | Found the amulet of the Four Winds {rN+ Will+++ Clar}
 54270 | Shoals:4 | Identified the ring "Qaatubb" {+Blink rC+ rN+ Str+4 Dex-5}
 54760 | Shoals:3 | Reached skill level 1 in Evocations
 55428 | Shoals:4 | Got a barnacled rune of Zot
 55906 | Shoals:4 | Identified the amulet "Earthly Heaven" {Regen+ Int+2}
 56221 | Vaults:1 | Entered Level 1 of the Vaults
 56310 | Vaults:1 | Reached skill level 5 in Evocations
 56812 | Vaults:1 | Found Weukhud's Antique Weapon Shoppe.
 56861 | Vaults:1 | Found a magical portal.
 56870 | WizLab   | Entered Doroklohe's Tomb
 57268 | WizLab   | Noticed a royal mummy
 57281 | Arena    | Entered the Arena
 57296 | Arena    | Killed a royal mummy
 57297 | Arena    | Reached skill level 15 in Axes
 57360 | Arena    | Entered the Arena
 57420 | Arena    | Entered the Arena
 58364 | Vaults:1 | Identified the ring "Poufu Quw" {rPois Will+ SInv}
 58485 | Vaults:1 | You are sucked into a shaft and drop 1 floor!
 58489 | Vaults:2 | Noticed Mennas
 58497 | Vaults:2 | Received a gift from Okawaru
 58505 | Vaults:1 | HP: 5/177 [Mennas/+2 eudemon blade of holy wrath (5)]
 58507 | Vaults:1 | Mangled by Mennas

Illustrated notes

Levels and vault maps discovered:
D:1:      minmay_arrival_stone_box, layout_rooms, minmay_pentomino_t2
D:2:      layout_loops_ring, hellmonk_ecumenical_altar_pennies_from_heaven,
          minmay_goblin_outpost
D:3:      layout_basic, cheibrodos_sewer_entry_drain
D:4:      layout_gridville, nicolae_uskayaw_en_pointe,
          grunt_temple_overflow_holy_war, serial_shops,
          nicolae_shop_advertising_works [nicolae_subvault_shop_adworks],
          uniq_duvessa, uniq_crazy_yiuf_cottage, uniq_ijyb
D:5:      layout_loops_corners, lemuel_doored_altar, okawaru_gym_becter,
          kennysheep_mini_moat
D:6:      layout_loops_ring, nicolae_elyvilon_peaceful_grove,
          nicolae_hepliaklqana_monster_ancestors,
          nicolae_ru_sacrificial_ziggurat, minmay_temple_entry_tees,
          serial_bayou_ford_a
D:7:      layout_basic, mainiacjoe_overflow_alcove_2
D:8:      layout_basic, erik_lair_orcish_takeover, minmay_liquid_box
D:9:      layout_layer_cave, kennysheep_mini, mainiacjoe_overflow_cross_hatched,
          serial_shops, shop
D:10:     layout_cave_pods, mainiacjoe_overflow_surrounded_room, zin_angel,
          nemelex_xobeh_ov_fountains_minmay, enter_bailey_3, disabler_island,
          uniq_erolcha
D:11:     layout_roguey, orc_0_dummy
D:12:     layout_cave_pools
D:13:     layout_roguey, uniq_sonja
D:14:     layout_cave_pools, erik_vaults_1, serial_column_ruins,
          column_ruins_square_huge, column_ruins_hut_ruined,
          column_ruins_grid_1, column_ruins_grid_1,
          column_ruins_columns_dead_end, serial_shops, shop
D:15:     grunt_enter_depths_hoard, layout_stronghold,
          pdpol_wu_jian_five_deadly_venoms, kennysheep_vampire_church,
          uniq_roxanne, uniq_nessos
Temple:   nicolae_temple_superstar
Lair:1:   layout_regular_city, uniq_grum
Lair:2:   layout_gridlike, grunt_megastairs_2, serial_bayou_shore_b
Lair:3:   layout_cave_pods, minmay_shoals_entry_lonely_mermaid,
          dummy_snake_entry, minmay_lair_oklob_bushes, grunt_megastairs_5,
          lemuel_fruit_fields
Lair:4:   layout_loops_ring
Lair:5:   evilmike_catoblepas_cave, layout_hall_layers, dpeg_slime_entry_corner,
          gammafunk_ghost_icy, basic_altar, nicolae_quartered_pool_super
Shoals:1: layout_shoals
Shoals:2: layout_shoals, nicolae_shoals_cliffside_cave, nicolae_shop_gadgets,
          uniq_jorgrun
Shoals:3: layout_shoals, uniq_polyphemus
Shoals:4: shoals_end_grunt_ice, layout_shoals, lemuel_altar_in_water2
Snake:1:  layout_misc_corridors, nicolae_large_snake_swirl
Snake:2:  hangedman_cross_veins, layout_basic, serial_shops, shop,
          ebering_ghost_rock_garden
Snake:3:  layout_rooms, nicolae_snake_salamander_fort
Snake:4:  hellmonk_snake_rune_quicksilver_temple, layout_layer_cave,
          serial_bayou_shore_b, lemuel_fruit_tree, grunt_megastairs_4
Orc:1:    layout_caves
Orc:2:    st_orc_elflike, layout_caves, serial_shops, shop
Elf:1:    layout_loops_corners, serial_shops, nicolae_shop_crystal,
          minmay_elf_demonology, minivault_5, nicolae_elf_variegated_diamond,
          uniq_azrael
Vaults:1: mu_enter_wizlab_6, ontoclasm_vaults_misaligned, v_misc_14,
          nicolae_vaults_specimen_jars, nicolae_vaults_circle_grid_a, v_misc_29,
          v_rooms_3, nicolae_vaults_gold_heap, nicolae_vaults_three_branches,
          layout_vaults_omnigrid, serial_shops, nicolae_shop_statue_plus
Vaults:2: ontoclasm_vaults_loading_screen, ontoclasm_vaults_shout,
          vaults_mumra_minichess, v_misc_12, hangedman_vaults_stagger,
          vaults_mumra_hex, vaults_dpeg_emergency_exit,
          ontoclasm_vaults_loading_screen, nicolae_vaults_triangles, v_rooms_5,
          layout_vaults_omnicross, uniq_frederick, uniq_mennas

Skill      XL: |  1  2  3  4  5  6  7  8  9 10 11 12 13 14 15 16 17 18 19 |
---------------+----------------------------------------------------------+-----
Axes           | 3 4 5 6 7 8 10 13 14 15 | 15.5
Fighting       | 5 10 13 14 16 17 | 17.0
Throwing       | 7 |  7.0
Armour         | 4 8 12 15 | 15.0
Invocations    | 5 8 12 13 | 13.9
Shields        | 9 12 13 | 13.0
Evocations     | 5 |  5.0
Dodging        | |  2.6

Action                   |  1- 3 |  4- 6 |  7- 9 | 10-12 | 13-15 | 16-18 | 19-21 || total
-------------------------+-------+-------+-------+-------+-------+-------+-------++-------
Melee: War axe           |   138 |   134 |   426 |    87 |       |       |       ||   785
       Punch             |     2 |       |     5 |       |     3 |       |       ||    10
       Executioner's axe |       |       |       |   308 |   584 |   557 |       ||  1449
       Halberd           |       |       |       |     9 |       |       |       ||     9
       Scimitar          |       |       |       |    11 |    12 |       |       ||    23
       Battleaxe         |       |       |       |       |       |    25 |       ||    25
       Broad axe         |       |       |       |       |       |   998 |   515 ||  1513
       Trident           |       |       |       |       |       |    57 |       ||    57
 Fire: Sling             |       |       |    25 |       |       |       |       ||    25
Throw: Dart              |       |       |    16 |     1 |       |       |       ||    17
       Boomerang         |       |       |       |    12 |       |    12 |     1 ||    25
       Javelin           |       |       |       |    10 |    10 |    43 |       ||    63
       Throwing net      |       |       |       |       |       |       |     2 ||     2
Invok: Heroism           |       |       |       |     2 |     7 |    15 |     5 ||    29
       Finesse           |       |       |       |       |       |     3 |     2 ||     5
       Duel              |       |       |       |       |       |       |     3 ||     3
 Abil: Evoke Blink       |       |       |       |       |       |       |     1 ||     1
  Use: Scroll            |     1 |     1 |     7 |    13 |     7 |    12 |     7 ||    48
       Potion            |       |     2 |     2 |     5 |     1 |     1 |    20 ||    31
 Stab: Petrified         |       |       |       |       |     5 |       |       ||     5
       Petrifying        |       |       |       |       |     1 |       |       ||     1
Armor: Leather armour    |    11 |       |       |       |       |       |       ||    11
       Plate armour      |    78 |    68 |   325 |   417 |   504 |   120 |       ||  1512
       Gold dragon scale |       |       |       |       |       |  1202 |   494 ||  1696
Dodge: Dodged            |    70 |    26 |   124 |   237 |   262 |   829 |   215 ||  1763
Block: Kite shield       |       |       |       |       |       |   657 |   392 ||  1049
       Reflection        |       |       |       |       |       |    28 |       ||    28
